[Event "56th Biel Festival MTO 2023"]
[White "Sanchez Alvarez,Roberto Carlos"]
[Black "Joly,Julien"]
[Site "Biel"]
[Round "3.20"]
[Annotator "ChessBase"]
[Result "1-0"]
[Date "2023.07.19"]
[WhiteElo "2444"]
[BlackElo "2249"]
[PlyCount "113"]
[TimeControl "60"]

1. d4 Nf6 2. c4 e6 3. Nc3 d5 4. Nf3 Bb4 5. e3 O-O 6. Bd3 c5 7. cxd5 exd5 8. dxc5 Nbd7 9. O-O Nxc5 10. Be2 Nce4 11. Nb5 Bg4 12. a3 Be7 13. Nbd4 Rc8 14. Qb3 Nc5 15. Qa2 Nfe4 16. Rd1 Bd6 17. Bd2 Qf6 18. Be1 Be6 19. Rac1 g5 20. b4 Nd7 21. Nxe6 fxe6 22. Bd3 Rxc1 23. Rxc1 g4 24. Bxe4 gxf3 25. Bxf3 Qe5 26. h3 Qh2+ 27. Kf1 Ne5 28. Bxd5 exd5 29. Qxd5+ Nf7 30. Qxb7 Qe5 31. Qxa7 Qb2 32. Rd1 Be5 33. Qa6 Qc2 34. Qe2 Qa4 35. b5 Qxa3 36. Qg4+ Bg7 37. Bb4 Qb3 38. Bxf8 Qxb5+ 39. Qe2 Qxe2+ 40. Kxe2 Bxf8 41. f4 Kg7 42. e4 Kf6 43. Kf3 Ke6 44. e5 Bg7 45. Ke4 Ke7 46. Ra1 Bf8 47. g4 h6 48. h4 Bg7 49. Ra7+ Kf8 50. Kf5 Kg8 51. Rd7 Nh8 52. h5 Kf8 53. Ke6 Kg8 54. g5 hxg5 55. fxg5 Nf7 56. Rxf7 Bxe5 57. Rb7 1-0

[Event "56th Biel Festival MTO 2023"]
[White "Vasquez Toledo,Cristian"]
[Black "Weishaeutel,Moritz"]
[Site "Biel"]
[Round "3.21"]
[Annotator "RC"]
[Result "1-0"]
[Date "2023.07.19"]
[WhiteElo "2233"]
[BlackElo "2442"]
[PlyCount "83"]
[TimeControl "60"]

1. e4 e5 2. Nf3 Nc6 3. Bc4 Nf6 4. d3 Bc5 5. O-O O-O 6. Re1 d5 7. exd5 Nxd5 8. Nbd2 Bg4 9. h3 Bh5 10. Ne4 Be7 11. Ng3 Bxf3 12. Qxf3 Nb6 13. Bb3 Bg5 14. c3 Bxc1 15. Raxc1 Qd7 16. Re4 Kh8 17. Rh4 Qd6 18. Qh5 h6 19. Nf5 Qg6 20. Qf3 Ne7 21. Rh5 Ned5 22. Nh4 Qd6 23. g3 Nf6 24. Nf5 Qc6 25. Nxh6 Nxh5 26. Nxf7+ Rxf7 27. Qxh5+ Qh6 28. Qxh6+ gxh6 29. Bxf7 Rd8 30. Bg6 Kg7 31. Be4 c6 32. Kg2 Na4 33. Rc2 Nc5 34. Kf3 Nxd3 35. Rd2 Rf8+ 36. Ke3 Nc5 37. Bc2 Rf7 38. Rd6 e4 39. Bxe4 Rxf2 40. Rg6+ Kf7 41. Kxf2 Nxe4+ 42. Ke3 1-0

[Event "56th Biel Festival MTO 2023"]
[White "Frey,Fabian"]
[Black "Rohith Krishna S"]
[Site "Biel"]
[Round "3.22"]
[Annotator "RC"]
[Result "1-0"]
[Date "2023.07.19"]
[WhiteElo "2230"]
[BlackElo "2429"]
[PlyCount "98"]
[TimeControl "60"]

1. e4 e5 2. Nf3 Nc6 3. Bb5 a6 4. Ba4 Nf6 5. O-O Be7 6. Re1 b5 7. Bb3 d6 8. a4 Bg4 9. c3 O-O 10. h3 Bxf3 11. Qxf3 Na5 12. Bc2 b4 13. d4 c5 14. d5 Nd7 15. b3 Bg5 16. Bb2 Ra7 17. Re2 g6 18. Nd2 Nb6 19. c4 f5 20. exf5 Bxd2 21. Rxd2 Qg5 22. Qe3 Qxe3 23. fxe3 gxf5 24. Rf2 Raf7 25. Raf1 Kg7 26. g3 Rf6 27. Kg2 h5 28. Bc1 Nd7 29. Bb2 Nb6 30. Kg1 R8f7 31. Kg2 Na8 32. Bd1 Rf8 33. Bc1 Nc7 34. e4 h4 35. exf5 hxg3 36. Kxg3 Kh8 37. Bg5 Rg8 38. h4 Ne8 39. Kh3 Kg7 40. Rg2 Rh8 41. Bxf6+ Kxf6 42. Rg6+ Kf7 43. Rfg1 Rh7 44. h5 Nf6 45. h6 Rh8 46. Kh4 Ke7 47. R1g3 Ne4 48. Re6+ Kf8 49. Bh5 Nxg3 1-0

[Event "56th Biel Festival MTO 2023"]
[White "Costello,Alexander"]
[Black "Vantika Agrawal"]
[Site "Biel"]
[Round "3.23"]
[Annotator "RC"]
[Result "0-1"]
[Date "2023.07.19"]
[WhiteElo "2224"]
[BlackElo "2428"]
[PlyCount "104"]
[TimeControl "60"]

1. e4 c5 2. Nf3 d6 3. Bb5+ Nd7 4. d4 cxd4 5. Qxd4 a6 6. Bxd7+ Bxd7 7. Bg5 Rc8 8. Nc3 h6 9. Bh4 e5 10. Qd3 g5 11. Bg3 Qc7 12. Nd2 Nf6 13. O-O-O b5 14. a3 Be6 15. h4 g4 16. f3 h5 17. Kb1 gxf3 18. gxf3 Bh6 19. Bf2 Ke7 20. Rhe1 Rhg8 21. Re2 Rg6 22. Be3 Bxe3 23. Rxe3 Rg2 24. Ree1 Qb6 25. f4 Qd4 26. fxe5 dxe5 27. Nf3 Qxd3 28. Rxd3 Nd7 29. Kc1 f6 30. Rd2 Rg3 31. Rf2 Nb6 32. Nd1 Nc4 33. Ne3 Nd6 34. Nd2 Rcg8 35. Nd5+ Bxd5 36. exd5 Rg1 37. Kd1 Rxe1+ 38. Kxe1 Rg4 39. Nf3 Nf5 40. Ng5 Rg1+ 41. Kd2 Nd6 42. Nf3 Rg4 43. Re2 Nc4+ 44. Ke1 Rf4 45. Ng5 fxg5 46. b3 Nxa3 47. Rxe5+ Kd6 48. Re6+ Kxd5 49. Rxa6 Nxc2+ 50. Kd1 Nb4 51. Ra5 Kc5 52. hxg5 Rg4 0-1

[Event "56th Biel Festival MTO 2023"]
[White "Zhang,Lanlin"]
[Black "Morawietz,Dieter"]
[Site "Biel"]
[Round "3.24"]
[Annotator "RC"]
[Result "0-1"]
[Date "2023.07.19"]
[WhiteElo "2194"]
[BlackElo "2396"]
[PlyCount "98"]
[TimeControl "60"]

1. e4 e6 2. d3 c5 3. g3 Nc6 4. Bg2 Nf6 5. Nf3 Be7 6. c3 d5 7. e5 Nd7 8. d4 b5 9. O-O Rb8 10. Re1 b4 11. h4 h6 12. h5 Ba6 13. Bf4 bxc3 14. bxc3 Qa5 15. Re3 Rb2 16. a4 O-O 17. g4 Rc8 18. g5 cxd4 19. cxd4 hxg5 20. Bxg5 Qd8 21. Bf4 Nb4 22. Na3 Nc2 23. Nxc2 Rcxc2 24. Bg3 Be2 25. Rxe2 Rxe2 26. Rc1 Bg5 27. Rc3 Ra2 28. Bf1 Reb2 29. Bd3 Nf8 30. Kg2 Be3 31. Bc2 Bh6 32. Bh4 Qd7 33. Qd3 Rb8 34. Qa6 Rab2 35. a5 R2b7 36. Rc5 Bc1 37. Qd3 Rb4 38. a6 Rc8 39. Be7 Rc4 40. Bd6 Bh6 41. Bb3 Rc1 42. Bc2 f5 43. Bd1 Qe8 44. Ng1 Nd7 45. Ra5 R8c3 46. Qe2 Qd8 47. Bb4 Qg5+ 48. Kh1 Rxd1 49. Qxd1 Rc1 0-1

[Event "56th Biel Festival MTO 2023"]
[White "Ajay Krishna,S."]
[Black "Urh,Zala"]
[Site "Biel"]
[Round "3.25"]
[Annotator "ChessBase"]
[Result "1-0"]
[Date "2023.07.19"]
[WhiteElo "2390"]
[BlackElo "2231"]
[PlyCount "77"]
[TimeControl "60"]

1. Nf3 d5 2. d4 Nf6 3. c3 c5 4. dxc5 e6 5. Be3 Qc7 6. b4 a5 7. Qb3 Nc6 8. Na3 axb4 9. cxb4 e5 10. Nb5 Qd8 11. Bg5 Be6 12. Qb2 h6 13. Bd2 Qb8 14. e3 Be7 15. Bc3 Nd7 16. Be2 O-O 17. O-O f5 18. a3 f4 19. Rfe1 fxe3 20. fxe3 b6 21. cxb6 Qxb6 22. Kh1 Rf5 23. a4 Raf8 24. Qd2 d4 25. exd4 e4 26. Ng1 Bg5 27. Qc2 Bd5 28. Rf1 Ne7 29. Bb2 Qg6 30. Qc7 Bf4 31. Qxd7 Rg5 32. g3 Be6 33. Qxe7 Rf7 34. Qe8+ Kh7 35. Rxf4 Rxg3 36. hxg3 Qxg3 37. Rxf7 Bd5 38. Rxg7+ Qxg7 39. Qe5 1-0

[Event "56th Biel Festival MTO 2023"]
[White "Foerster-Yialamas,Lucas"]
[Black "Seul,Georg"]
[Site "Biel"]
[Round "3.26"]
[Annotator "RC"]
[Result "1/2-1/2"]
[Date "2023.07.19"]
[WhiteElo "2157"]
[BlackElo "2376"]
[PlyCount "134"]
[TimeControl "60"]

1. e4 c6 2. d4 d5 3. e5 c5 4. dxc5 e6 5. a3 Bxc5 6. b4 Be7 7. Nf3 a5 8. b5 Nd7 9. c4 dxc4 10. Nbd2 Nc5 11. Nxc4 Qxd1+ 12. Kxd1 Nh6 13. Bxh6 gxh6 14. Nb6 Rb8 15. Nd2 O-O 16. Kc2 Nd7 17. Nbc4 b6 18. Be2 Bb7 19. Bf3 Bxf3 20. gxf3 Rbc8 21. f4 f6 22. Rhg1+ Kh8 23. exf6 Rxf6 24. Rge1 Rxf4 25. Rxe6 Rfxc4+ 26. Nxc4 Rxc4+ 27. Kb3 Rc7 28. Rc6 Rb7 29. Re1 Bc5 30. f4 Kg7 31. f5 Nf6 32. Ree6 Rf7 33. a4 Nd5 34. Re5 Rd7 35. Ree6 Rf7 36. Re5 Rd7 37. Ree6 h5 38. Rh6 Nf4 39. Rxb6 Bxb6 40. Rxb6 Rd3+ 41. Kc4 Ra3 42. Rd6 Rxa4+ 43. Kc5 Ra3 44. b6 Rb3 45. Kc6 Nd3 46. b7 Ne5+ 47. Kc7 Rc3+ 48. Kb6 Nc4+ 49. Ka7 Nxd6 50. b8=Q Rc6 51. Qb2+ Kf7 52. Qe2 Nxf5 53. Qxh5+ Kf6 54. Qxh7 Re6 55. Qh8+ Kf7 56. Qa1 Ng7 57. h4 Rh6 58. Qf1+ Kg8 59. Qc4+ Kh8 60. Qd4 Rh5 61. Kb6 Rf5 62. Kc6 Rh5 63. Kd6 Rf5 64. Ke7 Kh7 65. Qg4 Kh6 66. h5 Rxh5 67. Kf7 Rf5+ 1/2-1/2

[Event "56th Biel Festival MTO 2023"]
[White "Jain Kashish Manoj"]
[Black "Kamber,Bruno"]
[Site "Biel"]
[Round "3.27"]
[Annotator "RC"]
[Result "1-0"]
[Date "2023.07.19"]
[WhiteElo "2375"]
[BlackElo "2214"]
[PlyCount "59"]
[TimeControl "60"]

1. e4 c5 2. Nf3 e6 3. d4 cxd4 4. Nxd4 Nc6 5. Nc3 a6 6. Be3 Qc7 7. Qf3 b5 8. Nxc6 Qxc6 9. O-O-O Bb7 10. Bd3 Nf6 11. Bd4 Be7 12. Rhe1 b4 13. Nb1 Qd6 14. Be3 Qxh2 15. Nd2 Rc8 16. g4 h5 17. gxh5 Rxh5 18. Rh1 Qe5 19. Bf4 Qc5 20. Nb3 Qf5 21. Qe3 Qh7 22. e5 Bxh1 23. exf6 Qh8 24. fxe7 Rd5 25. Rg1 Kxe7 26. Bxa6 Ra8 27. Bb7 Rh5 28. Bxa8 Qxa8 29. Qd4 Qe4 30. Bd6+ 1-0

[Event "56th Biel Festival MTO 2023"]
[White "Papaux,Steve"]
[Black "Pham,Le Thao Nguyen"]
[Site "Biel"]
[Round "3.28"]
[Annotator "RC"]
[Result "0-1"]
[Date "2023.07.19"]
[WhiteElo "2064"]
[BlackElo "2369"]
[PlyCount "66"]
[TimeControl "60"]

1. d4 d5 2. c4 c6 3. Nf3 Nf6 4. Nc3 a6 5. g3 Bf5 6. Qb3 Ra7 7. c5 h6 8. Na4 Nbd7 9. Nb6 e5 10. Nxd7 Nxd7 11. Nxe5 Nxe5 12. Qb6 Qxb6 13. cxb6 Bb4+ 14. Kd1 Ng4 15. e4 Ra8 16. exf5 Nxf2+ 17. Ke2 Nxh1 18. Bf4 f6 19. a3 Be7 20. Bg2 Nxg3+ 21. hxg3 Kd7 22. Bf3 Bd8 23. Bh5 Rf8 24. Kd3 Bxb6 25. Re1 Rad8 26. Re6 Bc7 27. Bd2 Bxg3 28. Bb4 Rfe8 29. Bf7 Bc7 30. a4 a5 31. Bc5 h5 32. Re3 Rxe3+ 33. Kxe3 Rh8 0-1

[Event "56th Biel Festival MTO 2023"]
[White "Matsumura,Cocoro"]
[Black "Huston,Gus"]
[Site "Biel"]
[Round "3.29"]
[Annotator "RC"]
[Result "0-1"]
[Date "2023.07.19"]
[WhiteElo "2081"]
[BlackElo "2341"]
[PlyCount "114"]
[TimeControl "60"]

1. e4 c5 2. Nf3 Nc6 3. d4 cxd4 4. Nxd4 Nf6 5. Nc3 d6 6. Bg5 e6 7. Qd3 a6 8. Nxc6 bxc6 9. O-O-O Be7 10. f4 Qa5 11. g4 h6 12. Bxf6 gxf6 13. Be2 Rb8 14. h4 Rg8 15. g5 fxg5 16. hxg5 hxg5 17. Rh7 gxf4 18. Bh5 Rf8 19. Rg1 Rb7 20. Rgg7 Bf6 21. Rxf7 Rfxf7 22. Qxd6 Qd8 23. Qxc6+ Kf8 24. Qc5+ Kg8 25. Rxf7 Rxf7 26. Bxf7+ Kxf7 27. Qh5+ Kg7 28. e5 Be7 29. Qg4+ Kf8 30. Qxf4+ Ke8 31. Qa4+ Qd7 32. Qg4 Bb7 33. Qg8+ Bf8 34. Qg6+ Qf7 35. Qxf7+ Kxf7 36. Na4 Bc6 37. Nb6 Bh6+ 38. Kd1 Bf4 39. Nc4 Bd5 40. Nb6 Bf3+ 41. Ke1 Bxe5 42. Kd2 Ke7 43. b4 Bc7 44. Na4 Bd6 45. a3 Bc6 46. Nb2 Bf4+ 47. Ke2 Be5 48. Nd3 Bb5 49. a4 Bxd3+ 50. Kxd3 Kd6 51. c4 Bg3 52. Ke4 a5 53. b5 Bf2 54. Kf3 Bb6 55. Ke4 e5 56. Kf5 Bc5 57. Ke4 Ke6 0-1

[Event "56th Biel Festival MTO 2023"]
[White "Sutter,Oliver"]
[Black "Wang,Chuqiao"]
[Site "Biel"]
[Round "3.30"]
[Annotator "RC"]
[Result "1-0"]
[Date "2023.07.19"]
[WhiteElo "2313"]
[BlackElo "2161"]
[PlyCount "139"]
[TimeControl "60"]

1. Nf3 Nf6 2. c4 e6 3. g3 d5 4. Bg2 c5 5. cxd5 Nxd5 6. O-O Be7 7. d4 O-O 8. dxc5 Bxc5 9. a3 Be7 10. Qc2 Qc7 11. Qxc7 Nxc7 12. Nc3 Nc6 13. Rd1 e5 14. b4 a6 15. Be3 Be6 16. Ng5 Bxg5 17. Bxg5 Nb5 18. Nd5 Bxd5 19. Rxd5 Nbd4 20. Rd7 Rab8 21. e3 Ne6 22. Be7 Rfc8 23. Rad1 Nf8 24. Bxf8 Kxf8 25. Kf1 Ke8 26. Ke1 h6 27. h4 g6 28. Be4 Nd8 29. R7d6 Rc3 30. h5 gxh5 31. Rxh6 Rxa3 32. Rxh5 Rb3 33. Rxe5+ Kf8 34. b5 Rxb5 35. Rxb5 axb5 36. Rb1 b6 37. Rxb5 Ne6 38. Kd2 Ke7 39. g4 Nc5 40. Bf5 Kd6 41. f4 Kc6 42. Rb1 b5 43. g5 b4 44. Rh1 b3 45. Rh7 b2 46. Bb1 Rb7 47. g6 fxg6 48. Rxb7 Nxb7 49. Bxg6 Nd6 50. Kc3 Kc5 51. Bd3 Nc4 52. e4 Ne3 53. Bb1 Nc4 54. Ba2 Ne3 55. Kxb2 Ng2 56. f5 Kd4 57. f6 Nf4 58. f7 Ng6 59. Bd5 Ke5 60. Kc3 Kf6 61. Kd4 Ke7 62. e5 Nh8 63. e6 Ng6 64. Bb3 Kf6 65. Ke4 Nf8 66. Kf4 Nh7 67. Kg4 Ke7 68. Kf5 Nf8 69. Kg5 Nh7+ 70. Kg6 1-0

[Event "56th Biel Festival MTO 2023"]
[White "Schnepp,Gunnar"]
[Black "Collin,Moritz Valentin"]
[Site "Biel"]
[Round "3.31"]
[Annotator "NA RC"]
[Result "1-0"]
[Date "2023.07.19"]
[WhiteElo "2278"]
[BlackElo "2132"]
[PlyCount "121"]
[TimeControl "60"]

1. Nf3 d5 2. c4 d4 3. g3 c5 4. b4 Nf6 5. Bb2 Qb6 6. Qb3 Nc6 7. b5 Na5 8. Qc2 g6 9. Bg2 Bg7 10. O-O O-O 11. d3 Bf5 12. Nh4 Bg4 13. h3 Bd7 14. Nd2 Rae8 15. Rae1 Qc7 16. e3 e5 17. exd4 exd4 18. Nb3 Nh5 19. Qd2 Nxb3 20. axb3 b6 21. Nf3 Bc8 22. Rxe8 Rxe8 23. Re1 Rxe1+ 24. Qxe1 Nf6 25. Qe5 Qxe5 26. Nxe5 a5 27. bxa6 Bxa6 28. Bc1 Bc8 29. g4 Nd7 30. Nc6 Kf8 31. Bf4 Bb7 32. Bc7 Bf6 33. Nb8 Nxb8 34. Bxb7 Nd7 35. Bc6 Be5 36. Bd8 Bf6 37. Bc7 Be5 38. Bd8 Bf6 39. Bc7 Be5 40. Bd8 Bf6 41. Bxf6 Nxf6 42. f4 h6 43. Kf2 g5 44. Kg3 Ng8 45. h4 f6 46. h5 Ne7 47. Bd7 Ng8 48. f5 Ne7 49. Kf3 Kf7 50. Ke2 Kf8 51. Kf2 b5 52. cxb5 Nd5 53. Be6 Nb6 54. Ke2 Ke7 55. Kd2 Kd6 56. Kc2 Na8 57. Kb2 Nc7 58. Bc4 Ne8 59. b6 Ng7 60. Bb5 Nxf5 61. gxf5 1-0

[Event "56th Biel Festival MTO 2023"]
[White "Prieb,Robert"]
[Black "Karthik Rajaa"]
[Site "Biel"]
[Round "3.32"]
[Annotator "NA"]
[Result "1/2-1/2"]
[Date "2023.07.19"]
[WhiteElo "2060"]
[BlackElo "2276"]
[PlyCount "42"]
[TimeControl "60"]

1. d4 Nf6 2. c4 e6 3. Nf3 b6 4. a3 Bb7 5. Nc3 d5 6. cxd5 Nxd5 7. Qc2 Nxc3 8. bxc3 Be7 9. e4 O-O 10. Bd3 c5 11. O-O Qc7 12. Qe2 Nc6 13. d5 c4 14. Bxc4 Na5 15. Ba2 exd5 16. exd5 Bf6 17. Bb2 Rac8 18. Nd2 Be5 19. Nf3 Bf6 20. Nd2 Be5 21. Nf3 Bf6 1/2-1/2

[Event "56th Biel Festival MTO 2023"]
[White "Asllani,Dorian"]
[Black "Rotunno,Flavio"]
[Site "Biel"]
[Round "3.33"]
[Annotator "NA"]
[Result "1-0"]
[Date "2023.07.19"]
[WhiteElo "2272"]
[BlackElo "2005"]
[PlyCount "84"]
[TimeControl "60"]

1. d4 Nf6 2. c4 e6 3. Nc3 Bb4 4. Qc2 d5 5. cxd5 exd5 6. Nf3 c5 7. Bg5 h6 8. Bxf6 Qxf6 9. O-O-O Be6 10. e4 Bxc3 11. Qxc3 dxe4 12. Bb5+ Bd7 13. Qxc5 Bxb5 14. Qxb5+ Qc6+ 15. Qxc6+ Nxc6 16. Rhe1 f5 17. d5 Nb4 18. a3 O-O-O 19. Ne5 Rhe8 20. Nf7 Rd7 21. Nxh6 gxh6 22. axb4 Re5 23. d6 Rg7 24. g3 Kd7 25. f3 Rg6 26. fxe4 Rxe4 27. Rxe4 fxe4 28. Rd4 Rf6 29. Rxe4 Kxd6 30. Rh4 Kd5 31. Kc2 a6 32. b3 Rf2+ 33. Kc3 Rf3+ 34. Kb2 Rf6 35. Rh5+ Kd4 36. b5 a5 37. b4 axb4 38. Kb3 Kd3 39. Kxb4 Kd4 40. Ka5 b6+ 41. Ka6 Ke3 42. g4 Kf4 1-0

[Event "56th Biel Festival MTO 2023"]
[White "Lohia,Sohum"]
[Black "Ehsani,Yassamin"]
[Site "Biel"]
[Round "3.34"]
[Annotator "NA RC"]
[Result "1/2-1/2"]
[Date "2023.07.19"]
[WhiteElo "2247"]
[BlackElo "2106"]
[PlyCount "34"]
[TimeControl "60"]

1. e4 e6 2. d4 d5 3. Nc3 Bb4 4. e5 c5 5. a3 Bxc3+ 6. bxc3 Nc6 7. Qg4 g6 8. Nf3 Qa5 9. Bd2 c4 10. Qf4 h6 11. Be2 Bd7 12. h4 Nge7 13. Qf6 O-O-O 14. a4 Rh7 15. g4 Rf8 16. O-O Rhh8 17. Qf4 h5 1/2-1/2

[Event "56th Biel Festival MTO 2023"]
[White "Adocchio,Giampiero"]
[Black "Rosen,Eric"]
[Site "Biel"]
[Round "3.35"]
[Annotator "RC"]
[Result "0-1"]
[Date "2023.07.19"]
[WhiteElo "2165"]
[BlackElo "2344"]
[PlyCount "80"]
[TimeControl "60"]

1. d4 d5 2. c4 e6 3. Nc3 Nf6 4. cxd5 exd5 5. Bg5 c6 6. e3 Bd6 7. Bd3 h6 8. Bh4 O-O 9. Qc2 Re8 10. Nf3 Be6 11. O-O Nbd7 12. a3 a5 13. Rab1 Rc8 14. Bg3 Bxg3 15. hxg3 Ng4 16. b4 axb4 17. axb4 b5 18. Ne2 Nb6 19. Nf4 Bd7 20. Bh7+ Kh8 21. Bf5 Nc4 22. Bxd7 Qxd7 23. Qc3 Qf5 24. Ra1 Ra8 25. Qd3 Qe4 26. Qc3 Qe7 27. Nd3 f6 28. Nh2 h5 29. Rxa8 Rxa8 30. Nxg4 hxg4 31. Ra1 Qe8 32. Nc5 g6 33. Nb3 Kg7 34. Rxa8 Qxa8 35. Qa1 Qa4 36. Qxa4 bxa4 37. Nc1 Nd2 38. f3 gxf3 39. gxf3 Nxf3+ 40. Kf2 Nd2 0-1

[Event "56th Biel Festival MTO 2023"]
[White "Monteverde,Jonathan"]
[Black "Kocharin,Timur"]
[Site "Biel"]
[Round "3.36"]
[Annotator "NA"]
[Result "1-0"]
[Date "2023.07.19"]
[WhiteElo "2074"]
[BlackElo "2225"]
[PlyCount "133"]
[TimeControl "60"]

1. d4 Nf6 2. c4 e6 3. Nc3 Bb4 4. Qc2 d5 5. cxd5 exd5 6. Bg5 h6 7. Bh4 g5 8. Bg3 Nc6 9. e3 h5 10. Bb5 Ne4 11. Be5 f6 12. f3 fxe5 13. fxe4 Rh6 14. a3 Bxc3+ 15. bxc3 exd4 16. cxd4 dxe4 17. Qc4 Rd6 18. Qg8+ Kd7 19. Qh7+ Qe7 20. Qxh5 a6 21. Be2 Nd8 22. Nh3 c6 23. Qxg5 Nf7 24. Qxe7+ Kxe7 25. Nf2 Bf5 26. g4 Bh7 27. h4 b6 28. Rc1 c5 29. dxc5 Rc6 30. O-O bxc5 31. Bc4 Rac8 32. Bxf7 Kxf7 33. Nxe4+ Ke7 34. Rf4 c4 35. Nc3 Bd3 36. Nd5+ Kd7 37. Rd4 Ke8 38. Nb4 R6c7 39. Nxd3 cxd3 40. Rxc7 Rxc7 41. Rxd3 Rc4 42. Rd4 Rc3 43. Re4+ Kf7 44. a4 Rc2 45. h5 Rd2 46. Rf4+ Kg7 47. Rf2 Rd3 48. Ra2 Rxe3 49. Kf2 Rc3 50. a5 Rb3 51. Re2 Rb5 52. Kf3 Rxa5 53. Kf4 Rb5 54. Re5 Rb7 55. Kf5 Kg8 56. Kg5 Kg7 57. Rc5 Rb6 58. Rc7+ Kg8 59. h6 Rb5+ 60. Kg6 Rb6+ 61. Kh5 a5 62. Ra7 Rb5+ 63. g5 Rc5 64. h7+ Kh8 65. Kh6 Rc6+ 66. g6 Ra6 67. Rxa6 1-0

[Event "56th Biel Festival MTO 2023"]
[White "Ribiere,Damien"]
[Black "Vincenti,Leonardo"]
[Site "Biel"]
[Round "3.37"]
[Annotator "NA RC"]
[Result "0-1"]
[Date "2023.07.19"]
[WhiteElo "2213"]
[BlackElo "2117"]
[PlyCount "170"]
[TimeControl "60"]

1. e4 c5 2. a3 g6 3. Nc3 Bg7 4. Bc4 Nc6 5. d3 d6 6. f4 e6 7. Nf3 Nge7 8. Ba2 O-O 9. h4 h5 10. Ng5 d5 11. g4 f6 12. gxh5 fxg5 13. hxg5 Qe8 14. Bd2 gxh5 15. Rxh5 Nd4 16. Rh2 Ng6 17. Qh5 Nh4 18. Qxe8 Nhf3+ 19. Kd1 Rxe8 20. Rf2 Nxd2 21. Kxd2 dxe4 22. dxe4 b5 23. f5 b4 24. f6 Rd8 25. Ke3 bxc3 26. bxc3 Nb5 27. fxg7 Nxc3 28. Rh2 Kxg7 29. Rah1 Rg8 30. Bc4 Rb8 31. Rh7+ Kf8 32. Rf1+ Ke8 33. Rff7 Na4 34. Rxa7 Nb6 35. Bb5+ Kd8 36. c4 Ra8 37. Raf7 Rxa3+ 38. Kf4 Rc3 39. Rh1 Rd3 40. g6 Bd7 41. Rg1 Bxb5 42. cxb5 Rd7 43. Rf6 Re7 44. Rd1+ Kc7 45. Ra1 Kb7 46. Rd1 c4 47. Ke5 Rgg7 48. Kf4 Nd7 49. e5 Nb6 50. Ke4 Nd5 51. Rdf1 c3 52. Rc1 Kb6 53. Rxe6+ Rxe6 54. Kxd5 Rexg6 55. Rxc3 Rd7+ 56. Ke4 Kxb5 57. Kf5 Rc6 58. Re3 Rf7+ 59. Ke4 Re6 60. Kd5 Rfe7 61. Rb3+ Ka6 62. Ra3+ Kb5 63. Rb3+ Ka4 64. Re3 Kb4 65. Re4+ Kc3 66. Re3+ Kd2 67. Re4 Re8 68. Rd4+ Ke3 69. Re4+ Kf3 70. Re1 Kf4 71. Rf1+ Kg5 72. Rg1+ Kf5 73. Rf1+ Kg6 74. Rg1+ Kf7 75. Rf1+ Ke7 76. Rh1 Kd7 77. Rh7+ R8e7 78. Rh5 Ra6 79. Rg5 Ra5+ 80. Ke4 Re6 81. Rh5 Kc6 82. Rg5 Rd5 83. Rh5 Kc5 84. Rg5 Rd4+ 85. Kf5 Kd5 0-1

[Event "56th Biel Festival MTO 2023"]
[White "Eidelman,Gabriel"]
[Black "Erne,Raphael"]
[Site "Biel"]
[Round "3.38"]
[Annotator "RC"]
[Result "1-0"]
[Date "2023.07.19"]
[WhiteElo "2204"]
[BlackElo "2077"]
[PlyCount "68"]
[TimeControl "60"]

1. d4 d5 2. c4 c6 3. Nf3 Nf6 4. e3 e6 5. b3 Nbd7 6. Bd3 Bd6 7. Bb2 O-O 8. O-O b6 9. Nbd2 Qc7 10. Rc1 Bb7 11. cxd5 exd5 12. Qe2 Rfe8 13. Ba6 Rac8 14. Bxb7 Qxb7 15. Rfd1 Ne4 16. Nh4 Qc7 17. Ndf3 g6 18. Rc2 Qd8 19. Rdc1 Qf6 20. g3 Bb8 21. Ng2 g5 22. Nfe1 Qe6 23. Nd3 Nef6 24. Nb4 c5 25. dxc5 Nxc5 26. Na6 Nxa6 27. Qxa6 Rxc2 28. Rxc2 Ne4 29. Qd3 Be5 30. Bxe5 Qxe5 31. Qd4 Qf5 32. Ne1 g4 33. Qd1 Ng5 34. Qd3 Nf3+ 1-0

[Event "56th Biel Festival MTO 2023"]
[White "Matta,Vinay Kumar"]
[Black "Ouellet,Maili-Jade"]
[Site "Biel"]
[Round "3.39"]
[Annotator "NA RC"]
[Result "1/2-1/2"]
[Date "2023.07.19"]
[WhiteElo "2111"]
[BlackElo "2201"]
[PlyCount "80"]
[TimeControl "60"]

1. a3 d5 2. Nf3 c5 3. c4 e6 4. cxd5 exd5 5. d4 Nf6 6. Nc3 Nc6 7. Bg5 Be6 8. e3 a6 9. Be2 c4 10. O-O Be7 11. b3 cxb3 12. Qxb3 Na5 13. Qb2 O-O 14. a4 Rc8 15. Rfc1 Rc6 16. Nd2 Qd6 17. Na2 Rfc8 18. Rxc6 Qxc6 19. Bxf6 Bxf6 20. Qb4 Qc7 21. Rc1 Nc6 22. Qb1 Be7 23. Bd3 g6 24. Nb3 Bd6 25. g3 Qb6 26. Nc5 Qxb1 27. Bxb1 Na5 28. Nxe6 Rxc1+ 29. Nxc1 fxe6 30. Ba2 Kf7 31. Nd3 b5 32. axb5 axb5 33. Kf1 b4 34. Nc1 Kf6 35. Ke2 h5 36. Kd3 Kf5 37. f3 Kf6 38. e4 dxe4+ 39. Kxe4 g5 40. Nb3 Nxb3 1/2-1/2

[Event "56th Biel Festival MTO 2023"]
[White "Perkampus,Laurin"]
[Black "Coles,Robin"]
[Site "Biel"]
[Round "3.40"]
[Annotator "NA"]
[Result "0-1"]
[Date "2023.07.19"]
[WhiteElo "2197"]
[BlackElo "2070"]
[PlyCount "81"]
[TimeControl "60"]

1. d4 d5 2. c4 e6 3. Nc3 Nf6 4. cxd5 exd5 5. Bg5 c6 6. e3 h6 7. Bh4 Be7 8. Bd3 O-O 9. Nge2 Re8 10. O-O Nbd7 11. Qc2 Ne4 12. Bxe7 Qxe7 13. Bxe4 dxe4 14. d5 Nf6 15. dxc6 bxc6 16. Na4 Ba6 17. Rfe1 Bd3 18. Qc5 Qc7 19. Rac1 Ng4 20. Qh5 Ne5 21. Ng3 Rab8 22. b3 Rb5 23. Qh4 Ng6 24. Qh3 Rd5 25. Nc3 Rg5 26. Nce2 Ba6 27. Nd4 Bc8 28. Rxc6 Qa5 29. Rxc8 Qxe1+ 30. Nf1 Rxc8 31. Qxc8+ Kh7 32. Qc4 Ne5 33. Qc2 Nd3 34. Qd2 Qb1 35. a4 Rc5 36. Ne2 Rc2 37. Qa5 Rc5 38. Qxa7 Qe1 39. Neg3 Qxf2+ 40. Kh1 Rc1 41. h3 0-1

[Event "56th Biel Festival MTO 2023"]
[White "Pernutz,Hans-Gerhard"]
[Black "Coles,Ruben"]
[Site "Biel"]
[Round "3.41"]
[Annotator "NA RC"]
[Result "1/2-1/2"]
[Date "2023.07.19"]
[WhiteElo "2054"]
[BlackElo "2167"]
[PlyCount "114"]
[TimeControl "60"]

1. e4 e6 2. d4 d5 3. Nd2 c5 4. exd5 exd5 5. Bb5+ Nc6 6. Ngf3 Qe7+ 7. Qe2 Qxe2+ 8. Kxe2 a6 9. Bxc6+ bxc6 10. Ne5 c4 11. b3 f6 12. Nef3 Be6 13. bxc4 dxc4 14. Rb1 O-O-O 15. Nf1 Bd5 16. Ne3 Ne7 17. Rb6 Ng6 18. Nxd5 cxd5 19. Rxa6 Kb7 20. Ra5 Kb6 21. Ra4 Bd6 22. g3 Ra8 23. Rxa8 Rxa8 24. a3 Bxa3 25. Bxa3 Rxa3 26. Rb1+ Kc7 27. h4 Ne7 28. Rc1 Rc3 29. Ne1 Nf5 30. Kd2 Ra3 31. c3 Nd6 32. f3 Ra2+ 33. Rc2 Ra1 34. Ng2 Kc6 35. Ke2 Nb5 36. Ne3 Nd6 37. Kf2 Ra3 38. Ke2 Rb3 39. Kd2 Nb5 40. Nd1 Na3 41. Rb2 Kd6 42. Kc1 Rxb2 43. Kxb2 Nb5 44. Kc2 Ke6 45. Ne3 g6 46. Ng2 g5 47. hxg5 fxg5 48. g4 Kf6 49. Ne3 Ke6 50. Nf5 Nd6 51. Ng3 Kf6 52. Kd2 Kg6 53. Nf1 Kf6 54. Ne3 Ke6 55. Nf1 Kf6 56. Ne3 Ke6 57. Nf1 Kf6 1/2-1/2

[Event "56th Biel Festival MTO 2023"]
[White "Gomez Barrera,Javiera Belen"]
[Black "Jaivardhan Raj"]
[Site "Biel"]
[Round "3.42"]
[Annotator "RC"]
[Result "1-0"]
[Date "2023.07.19"]
[WhiteElo "2256"]
[BlackElo "2009"]
[PlyCount "61"]
[TimeControl "60"]

1. e4 c5 2. Nf3 e6 3. d4 cxd4 4. Nxd4 Nc6 5. Nc3 Qc7 6. Be2 a6 7. Nxc6 dxc6 8. f4 b5 9. e5 Bb7 10. Bf3 Bb4 11. Bd2 Rd8 12. Qe2 Bxc3 13. Bxc3 c5 14. O-O Ne7 15. Be1 O-O 16. Bh4 Rd7 17. Bxb7 Qxb7 18. Bxe7 Rxe7 19. Rad1 Rd7 20. Rxd7 Qxd7 21. Rd1 Qc8 22. Qd3 c4 23. Qd4 Qb7 24. Qe3 h6 25. Rd6 Ra8 26. Qd4 Qa7 27. c3 Kf8 28. Kf2 Ke7 29. Ke2 g6 30. g4 h5 31. h4 1-0

[Event "56th Biel Festival MTO 2023"]
[White "Gemelli,Romain"]
[Black "Ermitsch,Magnus"]
[Site "Biel"]
[Round "3.43"]
[Annotator "NA"]
[Result "1/2-1/2"]
[Date "2023.07.19"]
[WhiteElo "2122"]
[BlackElo "2232"]
[PlyCount "82"]
[TimeControl "60"]

1. d4 d5 2. c4 c6 3. Nc3 Nf6 4. Nf3 e6 5. e3 Nbd7 6. Bd3 dxc4 7. Bxc4 b5 8. Bb3 b4 9. Ne2 Bb7 10. O-O Bd6 11. Nf4 O-O 12. Ng5 Bxf4 13. exf4 h6 14. Nf3 c5 15. Be3 Rc8 16. Rc1 Qe7 17. Qe2 Nd5 18. Rfd1 Nxe3 19. Qxe3 Bxf3 20. Qxf3 Nb6 21. dxc5 Rxc5 22. Qe4 Rfc8 23. Rxc5 Qxc5 24. Qe3 a5 25. Rd8+ Kh7 26. Rxc8 Qxc8 27. g3 Qc6 28. Bd1 Nc4 29. Bc2+ Kg8 30. Qd3 g6 31. Qd8+ Kh7 32. Qf6 Qc7 33. Bd3 Nd6 34. Qd4 Qc1+ 35. Kg2 Qc6+ 36. Kf1 Kg8 37. h4 h5 38. Ke2 Qc7 39. Qe5 Qb6 40. Qe3 Qc6 41. Qd4 Qc7 1/2-1/2